 Dungeon Crawl Stone Soup version 0.25-a0-634-gd1561dc703 (webtiles) character file.

Game seed: 2237876165080002602, levelgen mode: deterministic

26506 KiliKikkendorf the Thaumaturge (level 12, -5/106 HPs)
             Began as a Purple Draconian Air Elementalist on Mar 17, 2020.
             Was a Priest of Sif Muna.
             Slain by an azure jelly (8 damage)
             ... on level 5 of the Lair of Beasts on Mar 20, 2020.
             The game lasted 02:58:50 (22954 turns).

KiliKikkendorf the Thaumaturge (DrAE)              Turns: 22954, Time: 02:58:51

Health: -5/106     AC: 14    Str: 14    XL:     12   Next: 98%
Magic:  17/37      EV: 13    Int: 20    God:    Sif Muna [***...]
Gold:   738        SH:  0    Dex: 13    Spells: 15/35 levels left

rFire    . . .     SeeInvis +   p - +9 great sword (chaos)
rCold    + . .     Gourm    +   (shield currently unavailable)
rNeg     . . .     Faith    .   (armour unavailable)
rPois    .         Spirit   .   (helmet restricted)
rElec    .         Reflect  .   C - +1 cloak
rCorr    .         Harm     .   B - +0 pair of gloves
MR       +....                  s - +2 pair of boots
Stlth    +++.......             K - amulet of the gourmand
HPRegen  0.27/turn              h - ring of see invisible
MPRegen  0.25/turn              q - ring "Aneun" {MP+9 Int+4 Stlth+}

@: very slightly contaminated
A: breathe power, unfitting armour, talons 1, cold resistance 1, sense
surroundings 1, cold-blooded, AC +8
a: Breathe Dispelling Energy, Channel Magic, Forget Spell, Renounce Religion


You were on level 5 of the Lair of Beasts.
You worshipped Sif Muna.
Sif Muna was most pleased with you.
You were full.

You visited 2 branches of the dungeon, and saw 14 of its levels.

You collected 738 gold pieces.

Inventory:

Hand Weapons
 j - a +2 whip of venom
 p - a +9 great sword of chaos (weapon)
 u - a +2 rapier of venom
 x - a +3 quarterstaff of chaos
 y - the +8 spear of Battle {freeze, Int+4}
   (You found it on level 7 of the Dungeon)

   It has been specially enchanted to freeze those struck by it, causing extra
   injury to most foes and up to half again as much damage against particularly
   susceptible opponents.
   It can also slow down cold-blooded creatures.
   It affects your intelligence (+4).
 F - a cursed +4 great sword of freezing
 L - a +6 mace
 N - a +1 long sword of holy wrath
Missiles
 r - 37 poisoned darts (quivered)
Armour
 s - a +2 pair of boots (worn)
 t - a +2 tower shield
 B - a +0 pair of gloves (worn)
 C - a +1 cloak (worn)
 D - the +5 kite shield of Compression {rElec rPois MR+}
   (You found it on level 7 of the Dungeon)

   It insulates you from electricity.
   It protects you from poison.
   It affects your resistance to hostile enchantments.
Magical Staves
 O - an uncursed staff of poison
Jewellery
 h - a ring of see invisible (left hand)
 q - the ring "Aneun" (right hand) {MP+9 Int+4 Stlth+}
   (You found it on level 5 of the Dungeon)

   [ring of stealth]

   It affects your intelligence (+4).
   It affects your magic capacity (+9).
   It makes you more stealthy.
 J - an uncursed ring of see invisible
 K - an amulet of the gourmand (around neck)
Wands
 e - a wand of polymorph (16)
 f - a wand of flame (23)
 i - a wand of enslavement (21)
 l - a wand of disintegration (17)
 I - a wand of paralysis (11)
 S - a wand of acid (7)
 T - a wand of random effects (19)
Scrolls
 a - 3 scrolls of immolation
 b - 9 scrolls of identify
 c - 3 scrolls of noise
 d - a scroll of magic mapping
 m - 7 scrolls of remove curse
 n - 3 scrolls of fear
 A - 2 scrolls of blinking
 P - 2 scrolls of amnesia
 R - 2 scrolls of teleportation
Potions
 g - 3 potions of lignification
 k - a potion of flight
 v - 2 potions of ambrosia
 w - 2 potions of brilliance
 z - 2 potions of heal wounds
 E - 4 potions of stabbing
 H - a potion of cancellation
 M - 3 potions of curing
 Q - 2 potions of might
Miscellaneous
 G - a tin of tremorstones
Comestibles
 o - 16 rations


   Skills:
 * Level 9.7 Fighting
 * Level 5.8 Long Blades
 - Level 6.0(6.7) Maces & Flails
 - Level 4.4(5.9) Staves
 + Level 0.4 Throwing
 + Level 3.6 Dodging
 + Level 3.9 Stealth
 - Level 0.1 Shields
 + Level 5.4 Unarmed Combat
 + Level 12.2 Spellcasting
 + Level 4.4 Conjurations
 + Level 0.4 Hexes
 + Level 0.3 Translocations
 + Level 0.2 Ice Magic
 + Level 10.8 Air Magic
 + Level 2.6 Poison Magic


You had 15 spell levels left.
You knew the following spells:

 Your Spells              Type           Power        Failure   Level  Hunger
a - Shock                 Conj/Air       ####         1%          1    None
b - Airstrike             Air            ######....   1%          4    #......
c - Static Discharge      Conj/Air       #####...     1%          3    None
d - Mephitic Cloud        Conj/Pois/Air  #####...     1%          3    None
e - Blink                 Tloc           N/A          8%          2    None
f - Ensorcelled Hibernat  Hex/Ice        ##....       8%          2    None
g - Lightning Bolt        Conj/Air       #####.....   7%          5    ####...

Your spell library contained the following spells:

 Spells                   Type           Power        Failure   Level  Hunger
 Magic Dart               Conj           ####         1%          1    None
 Corpse Rot               Necr/Air       N/A          1%          2    None
 Searing Ray              Conj           ####..       1%          2    None
 Swiftness                Chrm/Air       ####....     1%          2    None
 Foxfire                  Conj/Fire      ###.         2%          1    None
 Corona                   Hex            ##.....      4%          1    None
 Dazzling Flash           Conj/Hex       ###...       6%          3    None
 Slow                     Hex            ##......     7%          2    None
 Conjure Flame            Conj/Fire      ###.....     7%          3    None
 Call Imp                 Summ           ##......     9%          2    None
 Sublimation of Blood     Necr           ##........   9%          2    None
 Ignite Poison            Fire/Tmut/Pois ###.....     12%         3    None
 Confusing Touch          Hex            ##......     14%         3    None
 Tukima's Dance           Hex            ##......     14%         3    None
 Inner Flame              Hex/Fire       ##......     16%         3    None
 Fulminant Prism          Conj/Hex       ###.......   21%         4    #......
 Iskenderun's Mystic Bla  Conj/Tloc      ###.....     21%         4    #......
 Sticky Flame             Conj/Fire      ###.....     22%         4    #......
 Dispel Undead            Necr           ##......     50%         4    #......
 Fireball                 Conj/Fire      ###.......   52%         5    ####...
 Iskenderun's Battlesphe  Conj/Chrm      ###.....     52%         5    ####...
 Bolt of Magma            Conj/Fire/Erth ###.......   63%         5    ####...
 Agony                    Necr           ##......     83%         5    ####...
 Excruciating Wounds      Chrm/Necr      ##........   83%         5    ####...
 Iron Shot                Conj/Erth      ###.......   98%         6    ######.
 Starburst                Conj/Fire      ###.......   98%         6    ######.
 Orb of Destruction       Conj           ####......   100%        7    #######
 Ring of Flames           Chrm/Fire      ##........   100%        7    #######
 Spellforged Servitor     Conj/Summ      ###.......   100%        7    #######
 Ignition                 Fire           ##........   100%        8    #######


Dungeon Overview and Level Annotations

Branches:
Dungeon (9/15)             Temple (0/1) D:4            Lair (5/6) D:9
 Shoals (0/4) Lair:2       Spider (0/4) Lair:4        Slime (0/5) Lair:5
    Orc: D:9-12

Altars:
Cheibriados
Elyvilon
Fedhas
Gozag
Kikubaaqudgha
Ru
Sif Muna
Trog
Uskayaw
Wu Jian
Xom
Yredelemnul
The Shining One
Jiyva

Shops:
D:6 !

Annotations:
D:3 2 transporters, Conn's ghost, amateur OpWz


Innate Abilities, Weirdness & Mutations

You can breathe bolts of dispelling energy.
Your rich purple scales are hard. (AC +8)
You cannot fit into any form of body armour.
You are cold-blooded and may be slowed by cold attacks.
You have sharp toenails.
Your flesh is cold resistant. (rC+)
You passively map a small area around you.


Message History

Press: ? - help, Dir - move target cursor, f - azure jelly, p - plant
Aim: an azure jelly (noxious fumes, heavily wounded)
The air twists around and strikes the azure jelly!
The azure jelly is severely wounded.
Casting: Airstrike (safe; 1% risk of failure)
Confirm with . or Enter, or press ? or * to list all spells.
Aiming: Airstrike (safe; 1% risk of failure)
Press: ? - help, Dir - move target cursor, f/p - azure jelly
Aim: an azure jelly (severely wounded)
The air twists around and strikes the azure jelly!
The azure jelly is almost dead.
The azure jelly closely misses you. The azure jelly hits you!
The azure jelly freezes you!! You resist.
* * * LOW HITPOINT WARNING * * *
The azure jelly misses you. The azure jelly hits you!
* * * LOW HITPOINT WARNING * * *
The azure jelly hits you.
* * * LOW HITPOINT WARNING * * *
The azure jelly freezes you! You resist.
You die...

#####.#....................♣≈≈≈≈P
#....#...#............#....≈≈≈≈≈≈
.........#..P.........##....♣≈≈≈≈
##.......#...........###.....≈≈P≈
###..........................♣♣♣♣
##...........................♣♣♣≈
###...................PPP....##P≈
#.............................##P
#PP..##..##.....@................
#....# .#.##....J................
###.## *#######........P.#.....##
##..# #.○○....####....## #...#
#○P.....P###....# ##..#
##°☼.....#......## #...#
.......###......## #P.P#
##.###...#......... ##..#
##...#######PP......


You could see an azure jelly.

Vanquished Creatures
  3 hydras
  Harold (D:9)
  2 two-headed ogres (D:8)
  A lindwurm (Lair:3)
  14 elephants
  A merfolk siren (Lair:2)
  3 black mambas
  7 spiny frogs
  4 rime drakes
  3 komodo dragons
  3 merfolk (Lair:2)
  2 polar bears (Lair:1)
  10 blink frogs
  7 hippogriffs
  A redback (Lair:4)
  18 yaks
  A wyvern (Lair:2)
  A shadow (D:9)
  A basilisk (Lair:4)
  3 water moccasins
  5 porcupines
  An ice beast (D:6)
  2 phantoms
  8 sky beasts
  A black bear (D:9)
  5 centaurs
  4 wolves (Lair:4)
  2 ogres
  3 crocodiles
  Blork the orc (D:5)
  A big kobold (D:9)
  A wyvern zombie (D:7)
  4 bullfrogs
  3 scorpions
  A vampire bat (Lair:2)
  6 electric eels
  8 wights
  2 howler monkeys
  A quasit (D:8)
  A centaur zombie (D:9)
  3 crimson imps
  2 bullfrog zombies
  A hound (D:7)
  A bullfrog skeleton (D:6)
  6 orc priests
  4 orc wizards
  Crazy Yiuf (D:5)
  3 centaur skeletons
  Ijyb (D:4)
  A worker ant (D:7)
  An iguana (D:9)
  A hound zombie (D:3)
  A hound skeleton (D:5)
  7 gnolls
  9 adders
  A shadow imp (D:6)
  An adder zombie (D:5)
  An adder skeleton (D:7)
  2 dart slugs
  8 leopard geckos
  28 orcs
  2 ball pythons (D:2)
  3 giant cockroaches
  11 goblins
  8 hobgoblins
  5 jackals
  2 quokkas
  10 bats
  4 frilled lizards
  4 kobolds
  11 rats
  A spectral orc (D:3)
  A fungus (Lair:5)
  A plant (Lair:2)
292 creatures vanquished.

Vanquished Creatures (others)
  An elephant (Lair:3)
  A bush (D:7)
  4 fungi
  5 plants
11 creatures vanquished.

Grand Total: 303 creatures vanquished

Notes
Turn   | Place    | Note
-------+----------+-------------------------------------------
     0 | D:1      | KiliKikkendorf the Draconian Air Elementalist began the
                  | quest for the Orb.
     0 | D:1      | Reached XP level 1. HP: 14/14 MP: 3/3
   289 | D:1      | Reached XP level 2. HP: 20/20 MP: 1/5
  1082 | D:1      | Gained mutation: You have sharp toenails. [potion of
                  | mutation]
  1082 | D:1      | Gained mutation: Your flesh is cold resistant. (rC+)
                  | [potion of mutation]
  1082 | D:1      | Gained mutation: You passively map a small area around you.
                  | [potion of mutation]
  1308 | D:2      | Reached XP level 3. HP: 25/26 MP: 2/6
  1375 | D:2      | Found a snail-covered altar of Cheibriados.
  1414 | D:2      | Reached skill level 1 in Fighting
  1582 | D:1      | Reached XP level 4. HP: 31/35 MP: 7/7
  1891 | D:2      | Learned a level 4 spell: Airstrike
  2458 | D:2      | Found a sacrificial altar of Ru.
  2668 | D:2      | Found a basalt altar of Yredelemnul.
  2865 | D:3      | Reached skill level 1 in Unarmed Combat
  2865 | D:3      | Reached XP level 5. HP: 34/41 MP: 1/9
  3024 | D:3      | Learned a level 3 spell: Static Discharge
  3217 | D:3      | Noticed Conn's ghost (amateur OpWz)
  3218 | D:3      | Found a transporter.
  3260 | D:3      | Found a transporter.
  3355 | D:2      | Upgraded the game from 0.25-a0-613-gf4b266557c to
                  | 0.25-a0-632-g7713895373
  3431 | D:3      | Reached skill level 3 in Spellcasting
  3490 | D:3      | Reached skill level 1 in Maces & Flails
  3924 | D:3      | Found a white marble altar of Elyvilon.
  3925 | D:3      | Found a bloodstained altar of Trog.
  3927 | D:3      | Found an ornate altar of the Wu Jian Council.
  3928 | D:3      | Found a glowing golden altar of the Shining One.
  3929 | D:3      | Found a shimmering blue altar of Sif Muna.
  3952 | D:3      | Became a worshipper of Sif Muna the Loreminder
  4346 | D:4      | Found a staircase to the Ecumenical Temple.
  4485 | D:4      | Noticed Ijyb
  4659 | D:4      | Killed Ijyb
  4897 | D:4      | Reached XP level 6. HP: 42/48 MP: 6/10
  5149 | D:4      | Noticed a sky beast
  5162 | D:4      | Killed a sky beast
  5347 | D:5      | Entered Level 5 of the Dungeon
  5361 | D:5      | Found an ancient bone altar of Kikubaaqudgha.
  5408 | D:5      | Got a transparent steel ring
  5409 | D:5      | Identified the ring "Aneun" {MP+9 Int+4 Stlth+} (You found
                  | it on level 5 of the Dungeon)
  5536 | D:5      | Your scales start taking on a rich purple colour.
  5536 | D:5      | Reached skill level 4 in Spellcasting
  5536 | D:5      | Reached XP level 7. HP: 53/56 MP: 12/13
  6008 | D:5      | Noticed Blork the orc
  6658 | D:5      | Killed Blork the orc
  6925 | D:5      | Found a runed translucent door.
  6926 | D:5      | Noticed Crazy Yiuf
  6932 | D:5      | Killed Crazy Yiuf
  7095 | D:6      | Learned a level 3 spell: Mephitic Cloud
  7103 | D:6      | Found Ociag's Distillery.
  7338 | D:6      | Found a hide-covered altar of Uskayaw.
  7454 | D:6      | Reached XP level 8. HP: 38/63 MP: 14/14
  7640 | D:6      | Found a shimmering altar of Xom.
  7857 | D:7      | Reached * piety under Sif Muna
  7857 | D:7      | Reached skill level 1 in Staves
  8135 | D:7      | Found a blossoming altar of Fedhas.
  8152 | D:7      | Reached skill level 5 in Spellcasting
  8152 | D:7      | Reached skill level 5 in Air Magic
  8403 | D:7      | Got a warped kite shield
  8408 | D:7      | Identified the +5 kite shield of Compression {rElec rPois
                  | MR+} (You found it on level 7 of the Dungeon)
  8670 | D:7      | Got a scorched spear
  8671 | D:7      | Identified the +8 spear of Battle {freeze, Int+4} (You
                  | found it on level 7 of the Dungeon)
  9077 | D:8      | Noticed a hippogriff
  9083 | D:8      | Reached XP level 9. HP: 48/72 MP: 11/17
  9113 | D:8      | Reached skill level 6 in Spellcasting
  9118 | D:8      | Learned a level 2 spell: Blink
  9146 | D:8      | Noticed a two-headed ogre
  9187 | D:8      | Killed a two-headed ogre
  9187 | D:8      | Reached skill level 1 in Poison Magic
  9359 | D:8      | Reached skill level 5 in Fighting
  9382 | D:8      | Reached skill level 5 in Unarmed Combat
  9837 | D:8      | Reached skill level 7 in Spellcasting
  9892 | D:9      | Noticed a two-headed ogre
  9902 | D:9      | Reached ** piety under Sif Muna
 10079 | D:9      | Noticed Harold
 10167 | D:9      | Noticed an elephant
 10340 | D:9      | Reached XP level 10. HP: 63/82 MP: 19/21
 10462 | D:9      | Killed Harold
 10491 | D:8      | Killed a two-headed ogre
 10491 | D:8      | Reached skill level 8 in Spellcasting
 10823 | D:9      | Found a staircase to the Lair.
 11125 | D:9      | Killed an elephant
 11343 | D:9      | Found an opulent altar of Gozag.
 12153 | Lair:1   | Entered Level 1 of the Lair of Beasts
 12231 | Lair:1   | Reached skill level 9 in Spellcasting
 13471 | Lair:2   | Noticed a merfolk siren
 13476 | Lair:2   | Killed a merfolk siren
 13476 | Lair:2   | Reached skill level 5 in Maces & Flails
 13476 | Lair:2   | Noticed a spiny frog
 13653 | Lair:1   | Killed a spiny frog
 13653 | Lair:1   | Reached XP level 11. HP: 92/92 MP: 20/24
 13654 | Lair:1   | Upgraded the game from 0.25-a0-632-g7713895373 to
                  | 0.25-a0-634-gd1561dc703
 14971 | Lair:2   | Identified a scroll of acquirement
 15025 | Lair:2   | Found a staircase to the Shoals.
 15450 | Lair:3   | Noticed an eight-headed hydra
 15489 | Lair:3   | Learned a level 2 spell: Ensorcelled Hibernation
 15632 | Lair:2   | Reached skill level 10 in Spellcasting
 15641 | Lair:2   | Learned a level 5 spell: Lightning Bolt
 17304 | Lair:3   | Reached *** piety under Sif Muna
 17906 | Lair:2   | Reached XP level 12. HP: 93/103 MP: 26/26
 18473 | Lair:3   | Killed an eight-headed hydra
 18642 | Lair:3   | Reached skill level 11 in Spellcasting
 19731 | Lair:4   | Found a hole to the Spider Nest.
 19736 | Lair:4   | Noticed an eight-headed hydra
 19745 | Lair:4   | Killed an eight-headed hydra
 19745 | Lair:4   | Reached skill level 5 in Long Blades
 19993 | Lair:4   | Reached skill level 10 in Air Magic
 20362 | Lair:4   | Noticed a six-headed hydra
 20368 | Lair:4   | Killed a six-headed hydra
 21617 | Lair:5   | Reached skill level 12 in Spellcasting
 21661 | Lair:5   | Reached **** piety under Sif Muna
 22940 | Lair:5   | Found a runed translucent door.
 22940 | Lair:5   | Found a viscous altar of Jiyva.
 22940 | Lair:5   | Found a staircase to the Slime Pits.
 22940 | Lair:5   | Noticed an azure jelly
 22954 | Lair:5   | HP: 3/106 [azure jelly (4)]
 22954 | Lair:5   | Slain by an azure jelly

Levels and vault maps discovered:
D:1:      nzn_arrival_crosshair, layout_loops_ring
D:2:      layout_loops_ring, yredelemnul_forgotten_temple_becter,
          kennysheep_slug_shrine, lemuel_coloured_pillars_altar, first_ration
D:3:      layout_loops_corners, minitemple, gammafunk_ghost_arena,
          kennysheep_decorative_pillar
D:4:      layout_layer_cave, minmay_temple_entry_tees, uniq_ijyb
D:5:      layout_rooms, kennysheep_mini, minivault_11,
          minmay_misc_feat_diagonals, minmay_hedge_maze, feat_on_display,
          uniq_blork_the_orc, uniq_crazy_yiuf_cottage
D:6:      layout_basic, overflow_temple_1_default,
          eat_drink_and_be_merry_uskayaw, serial_shops,
          nicolae_shop_temple_entry_statues_fountains, grunt_ministairs_2
D:7:      layout_loops_cross, fedhas_bush_and_centaur_altar, feat_on_display
D:8:      layout_basic, serial_rivers, chequers_serial_rivers_micro_d,
          chequers_serial_rivers_large_b, chequers_serial_rivers_room_a,
          chequers_serial_rivers_micro_b
D:9:      layout_long_grid, grunt_gozag_breadcrumbs, david_lair_generic,
          blue_anna_alchemist [blue_anna_fruit_fields, blue_anna_fruit_fields],
          uniq_harold
Lair:1:   layout_regular_city, gammafunk_lair_bear_cave
Lair:2:   layout_loops_ring, elwin_shoals_entry_stream,
          chequers_serial_rivers_micro_c, roderic_batcave, st_stairs_7,
          infiniplex_staircase_pool
Lair:3:   layout_regular_city, nicolae_volcano_entry_vermiform,
          patterned_corridor
Lair:4:   layout_gridlike, spider_nest_entry_rubble, lemuel_old_faithful
Lair:5:   layout_gridlike, slime_altar_2, serial_bayou, serial_bayou_lake_a,
          serial_bayou_shore_b, serial_bayou_pond_a, serial_bayou_pond_e,
          ldierk_geyser

Skill      XL: |  1  2  3  4  5  6  7  8  9 10 11 12 |
---------------+-------------------------------------+-----
Fighting       | 1 2 3 4 5 7 8 9 |  9.7
Stealth        | 2 3 |  3.9
Dodging        | 2 3 |  3.6
Air Magic      | 4 5 6 7 9 10 | 10.8
Unarmed Combat | 1 2 3 4 5 |  5.4
Spellcasting   | 3 4 5 7 9 10 12 | 12.2
Maces & Flails | 1 2 3 5 6 |  6.0
Conjurations   | 2 3 4 |  4.4
Staves         | 4 |  4.4
Long Blades    | 2 3 5 |  5.8
Poison Magic   | 1 2 |  2.6
Throwing       | |  0.4
Shields        | |  0.1
Hexes          | |  0.4
Translocations | |  0.3
Ice Magic      | |  0.2

Action                   |  1- 3 |  4- 6 |  7- 9 | 10-12 || total
-------------------------+-------+-------+-------+-------++-------
Melee: Club              |     1 |       |       |       ||     1
       Mace              |    31 |   100 |    71 |       ||   202
       Tailslap          |     2 |     3 |    16 |    22 ||    43
       Kick              |     2 |    24 |    35 |     5 ||    66
       Quarterstaff      |       |       |    60 |       ||    60
       Flail             |       |       |    20 |       ||    20
       Great sword       |       |       |    16 |   100 ||   116
       Punch             |       |       |     1 |       ||     1
       Staff             |       |       |       |     9 ||     9
Throw: Dart              |       |       |       |    14 ||    14
 Cast: Shock             |    67 |    69 |    70 |    10 ||   216
       Airstrike         |       |     9 |    37 |   298 ||   344
       Static Discharge  |       |     7 |     6 |     2 ||    15
       Mephitic Cloud    |       |       |    27 |    62 ||    89
       Blink             |       |       |     1 |     5 ||     6
       Lightning Bolt    |       |       |       |    11 ||    11
       Ensorcelled Hiber |       |       |       |    10 ||    10
 Abil: Breathe Dispellin |       |       |     1 |     1 ||     2
Evoke: Wand              |       |     1 |       |     3 ||     4
  Use: Scroll            |     4 |     4 |     7 |    10 ||    25
       Potion            |     2 |     6 |     3 |     6 ||    17
 Stab: Confused          |       |       |     3 |     3 ||     6
       Distracted        |       |       |       |     1 ||     1
       Sleeping          |       |       |       |     2 ||     2
       Paralysed         |       |       |       |     1 ||     1
  Eat: Chunk             |     3 |     5 |    16 |    39 ||    63
       Ration            |       |     4 |     3 |     4 ||    11
Armor: Skin              |    14 |    22 |    56 |   108 ||   200
Dodge: Dodged            |    27 |    72 |   108 |   189 ||   396
Block: Tower shield      |       |       |     5 |       ||     5
       Rpst.: Great sword |       |       |     7 |    43 ||    50

Table legend:
 A = Non-vault XP
 B = Vault XP
 C = Vault XP percentage of total XP
 D = Non-vault monster count
 E = Vault monster count
 F = Vault count percentage of total count
                 A         B        C        D         E       F
            +---------+---------+-------+---------+---------+-------
      Total |   32907 |    4960 |  13.1 |     261 |      30 |  10.3
            +---------+---------+-------+---------+---------+-------
        D:1 |      64 |       0 |   0.0 |      23 |       0 |   0.0
        D:2 |     134 |       4 |   2.9 |      34 |       1 |   2.9
        D:3 |     103 |       1 |   1.0 |      14 |       1 |   6.7
        D:4 |     457 |      36 |   7.3 |      13 |       1 |   7.1
        D:5 |     324 |     135 |  29.4 |      15 |       2 |  11.8
        D:6 |     294 |      69 |  19.0 |      10 |       2 |  16.7
        D:7 |     835 |     112 |  11.8 |      21 |       1 |   4.5
        D:8 |    3323 |       0 |   0.0 |      22 |       0 |   0.0
        D:9 |    1143 |    1815 |  61.4 |      19 |       6 |  24.0
     Lair:1 |    1221 |     473 |  27.9 |       6 |       3 |  33.3
     Lair:2 |    3901 |    1460 |  27.2 |      17 |      11 |  39.3
     Lair:3 |    8509 |     630 |   6.9 |      24 |       1 |   4.0
     Lair:4 |    6358 |     225 |   3.4 |      21 |       1 |   4.5
     Lair:5 |    6241 |       0 |   0.0 |      22 |       0 |   0.0
            +---------+---------+-------+---------+---------+-------
